Workbook

Sheet MENU
C2: PLANILHA DE CÁLCULO CUSTO TRANSPORTE PASSAGEIROS
C4: FRETAMENTO MICROÔNIBUS
N5: PRENCHER OS CAMPOS E SIMULAR OS VALORES MÁXIMOS E MÍNIMOS QUE O LICITANTE PODERÁ COTAR NA LICITAÇÃO PARA QUE NÃO HAJA DESCLASSIFICAÇÃO POR ERROS DE PREENCHIMENTO.
E6: Vai para a página onde serão preenchidos os dados da empresa.
E8: Vai para a página onde serão preenchidos os dados do veículo.
E10: Vai para a página onde serão preenchidos as informações do motorista.
E12: Vai para a página onde serão preenchidos as cotações dos custos do veículo.
E14: Vai para a página onde serão cotados os percentuais de BDI e Encargos Sociais.
E16: Vai para a página onde será impressa a planilha de custos preenchida.
A20: ATENÇÃO, LICITANTE
A22: ESTE ARQUIVO É UMA FERRAMENTA DE ORIENTAÇÃO PARA FACILITAR A FORMULAÇÃO DA PROPOSTA POR PARTE DA LICITANTE INTERESSADA. ELE FOI PARAMETRIZADO CONSIDERANDO O MANUAL DE PREENCHIMENTO DE PLANILHAS DE CUSTOS E DE FORMAÇÃO DE PREÇOS E AS CARACTERÍSTICAS PRÓPRIAS DESTA CONTRATAÇÃO.
A26: É DEVER E RESPONSABILIDADE EXCLUSIVA DA LICITANTE ASSEGURAR-SE DE QUE OS VALORES INSERIDOS EM SUA PROPOSTA ESTEJAM CORRETOS.

Sheet dEmp
B4: DADOS DO LICITANTE
C6: Tipo de Licitante: | D6: Empresa | E6: CPF: | G6: * preencher somente se for autônomo
C8: Nome: | D8: MUNICIPIO DE SANTIAGO
C10: CNPJ: | D10: 87897740000150 | E10: *preencher somente números
C12: Inscrição Estadual: | D12: ISENTO | E12: * Caso não ter inscrição estadual, preencher o campo com o termo ISENTO
C14: Endereço: | D14: Rua Tito Beccon | H14: Nº | I14: 1754
C16: Bairro: | D16: Centro | F16: Município/UF: | G16: Santiago/RS
C18: Nome Represent.:
C20: CPF: | E20: *preencher somente números
D22: Validade da proposta: | E22: 60 | F22: *dias Data: | G22: 45993
D24: INFORMAÇÕES TRIBUTÁRIAS
C26: Regime Tributário: | D26: Lucro Presumido | F26: *Selecione o regime tributário da empresa
C28: *RBT12:
C30: * Caso a empresa seja optante do simples nacional, informar a receita bruta acumulada dos últimos 12 meses constantes no item 2.1 distriminativo de receitas do extrato da última PGDAS-D entregue pela empresa.

Sheet dVeic
B4: DADOS DO VEÍCULO
D6: Selecione a Marca: | E6: MARCOPOLO
D8: Selecione o Modelo: | E8: MARCOPOLO/VOLARE DW9 ON | N8: → | O8: Selecionar conforme informação do documento do verículo.
D10: Ano de Fabricação: | E10: 2024 | I10: Tipo de Combustível: | J10: =VLOOKUP(dVeic!E8,veiculos!B2:D8595,3) -> Diesel
D12: Valor do Veículo: | E12: =VLOOKUP(E8,veiculos!B2:X8999,auxiliar!Q2,0)*1.35 -> 574870.5 | H12: * valor obtido do anexo decreto 57.377/2023 que define a
E13: base de cálculo do IPVA/RS para 2024 e atualizado pela tabela FIPE.
C15: INFORMAÇÕES OPERACIONAIS
D17: Consumo médio: | E17: 4.6 | F17: *Km/l combustível | I17: Vida útil veículo: | J17: =E10-(2023-15) -> 16 | K17: *anos
E20: Óleo lubrificante motor: | F20: 18 | G20: * Capacidade litros | I20: Periodicidade de troca: | J20: 10000 | L20: *Km
E24: Óleo lub. transmissão: | F24: 5 | G24: * Capacidade litros | I24: Periodicidade de troca: | J24: 50000 | L24: *Km
E28: Qtde de pneus/câmaras: | F28: 2 | G28: * Dianteiros | H28: → | I28: Duração média: | J28: 30000 | L28: *Km
F30: 4 | G30: * Traseiros | H30: → | I30: Duração média: | J30: 30000 | L30: *Km
E34: Lavagens e graxas: | F34: 5000 | G34: *Km (periodicidade) | I34: Quilometragem total | J34: 30000 | L34: *Km/anual | N34: → | O34: Informar a quilometragem média anual que o veículo efetua.
C37: * ATENÇÃO!!! Informar os dados do veículo que irá efetuar o serviço, podendo ser já adquirido ou não. Posteriormente na execução do contrato os dados de marca, modelo e ano informados aqui serão confrontados.

Sheet veiculos
A1: MARCA | B1: MODELO | C1: MARCA | D1: COMBUSTÍVEL | E1: 2025 | F1: =E1-1 -> 2024 | G1: =F1-1 -> 2023 | H1: =G1-1 -> 2022 | I1: =H1-1 -> 2021 | J1: =I1-1 -> 2020 | K1: =J1-1 -> 2019 | L1: =K1-1 -> 2018 | M1: =L1-1 -> 2017 | ... X1: =W1-1 -> 2006
A2: AGRALE | B2: AGRALE/8.5NEOBUS THUNDER | C2: AGRALE | D2: Diesel | S2: 83870 | T2: 79590 | U2: 77180 | V2: 74760 | W2: 69040 | X2: 59900
A3: ANKAI | B3: AGRALE/9.2 TCA NEOBUS TH | C3: AGRALE | D3: Diesel | P3: 137690 | Q3: 123370 | R3: 120330 | S3: 89390 | T3: 81100 | U3: 78870 | V3: 74760 | W3: 69040 | X3: 59900
A4: BUUSCAR | B4: AGRALE/BUSSCAR MICRUSS O | C4: AGRALE | D4: Diesel | R4: 88880 | V4: 75570 | W4: 70960 | X4: 67350
A5: BYD | B5: AGRALE/CEFERAL MINIMAXON | C5: AGRALE | D5: Diesel | X5: 55250
A6: CHERY | B6: AGRALE/CIFERAL CITMAX U | C6: AGRALE | D6: Diesel | X6: 75330
A7: CITROEN | B7: AGRALE/CIFERAL MINIMAXMO | C7: AGRALE | D7: Diesel | X7: 45900
A8: DONGFENG | B8: AGRALE/COMIL BELLO M | C8: AGRALE | D8: Diesel | W8: 72970
A9: FIAT | B9: AGRALE/COMIL BELLO O | C9: AGRALE | D9: Diesel | V9: 86180
A10: FORD | B10: AGRALE/COMIL PIA M | C10: AGRALE | D10: Diesel | S10: 69820 | V10: 59970 | W10: 53010
A11: FREIGHTLINER | B11: AGRALE/COMIL PIA O | C11: AGRALE | D11: Diesel | S11: 82710 | T11: 71400 | U11: 68000 | V11: 66340 | W11: 64060 | X11: 52650
A12: GM - CHEVROLET | B12: AGRALE/COMIL PIA O | C12: AGRALE | D12: Outros | U12: 68000
A13: HIGER | B13: AGRALE/COMIL PIA ROD M | C13: AGRALE | D13: Diesel | P13: 250020
A14: HYUNDAI | B14: AGRALE/COMIL PIA ROD O | C14: AGRALE | D14: Diesel | M14: 125530 | N14: 122860 | O14: 121890 | Q14: 104700 | R14: 96710 | S14: 95630 | T14: 95160
A15: INDUSCAR | B15: AGRALE/COMIL PIA URB O | C15: AGRALE | D15: Diesel | N15: 101810 | O15: 99760 | Q15: 86920 | R15: 77370 | S15: 72240
A16: INTERNATIONAL | B16: AGRALE/COMIL SVELTO U | C16: AGRALE | D16: Diesel | M16: 183620 | N16: 160360 | O16: 142520 | P16: 137480 | Q16: 135230 | R16: 134560 | S16: 99310 | T16: 91830 | U16: 88590 | V16: 87980 | W16: 85460
A17: IVECO | B17: AGRALE/COMIL VERSATILE I | C17: AGRALE | D17: Diesel | S17: 215150 | T17: 202200 | U17: 189540 | V17: 178860 | W17: 175340
A18: INDUSCAR | B18: AGRALE/COMIL VERSATILE R | C18: AGRALE | D18: Diesel | M18: 261890 | P18: 224280 | Q18: 211080 | R18: 210020
A19: JAC | B19: AGRALE/ELLOBUS EVOLUTION | C19: AGRALE | D19: Diesel | Q19: 95670 | R19: 94210 | S19: 92430
A20: JINBEI | B20: AGRALE/EUROBUS EURO 450R | C20: AGRALE | D20: Diesel | P20: 85260 | Q20: 72350 | R20: 71460 | S20: 70550 | U20: 59130
A21: LVTONG | B21: AGRALE/FURGOVAN | C21: AGRALE | D21: Diesel | V21: 48700
A22: KIA MOTORS | B22: AGRALE/IBRAVA APOLLO | C22: AGRALE | D22: Diesel | N22: 175350 | O22: 163640 | P22: 156710 | Q22: 147670 | R22: 147420
A23: LVTONG | B23: AGRALE/IBRAVA HERCULES | C23: AGRALE | D23: Diesel | Q23: 152020 | R23: 143870
A24: MARCOPOLO | B24: AGRALE/INDUSCAR APA U MT | C24: AGRALE | D24: Diesel | L24: 173040 | M24: 160930 | N24: 146620 | O24: 145890 | P24: 130300 | Q24: 120730 | S24: 98790 | U24: 98300 | V24: 75960 | W24: 69070 | X24: 63390
A25: MERCEDES BENZ | B25: AGRALE/INDUSCAR FOZ O MA | C25: AGRALE | D25: Diesel | M25: 148480 | N25: 142620 | Q25: 122090 | U25: 89830 | V25: 84280 | W25: 67850 | X25: 58770
A26: MINI | B26: AGRALE/INDUSCAR FOZ U | C26: AGRALE | D26: Diesel | T26: 64810 | U26: 52620
A27: MO | B27: AGRALE/INDUSCAR PICCO O | C27: AGRALE | D27: Diesel | W27: 51890 | X27: 51630
A28: MON | B28: AGRALE/INDUSCAR PICCOL O | C28: AGRALE | D28: Diesel | W28: 57210 | X28: 52920
A29: NISSAN | B29: AGRALE/INDUSCAR SOLAR R | C29: AGRALE | D29: Diesel | Q29: 182040
A30: PEUGEOT | B30: AGRALE/ITALBUS NAS CITTA | C30: AGRALE | D30: Diesel | N30: 219870
A31: RENAULT | B31: AGRALE/ITALBUS NASCERE R | C31: AGRALE | D31: Diesel | J31: 350910 | K31: 341320 | L31: 324240 | N31: 291770 | O31: 268410 | P31: 245410 | Q31: 205310 | R31: 178100
A32: SCANIA | B32: AGRALE/ITALBUS NASCERE U | C32: AGRALE | D32: Diesel | J32: 254740 | K32: 253430 | M32: 211330 | N32: 205160 | O32: 200840 | P32: 167460 | Q32: 163490
A33: TOYOTA | B33: AGRALE/MA 8.5 TCA VETT | C33: AGRALE | D33: Diesel | W33: 66540
A34: TUTTO | B34: AGRALE/MA 9.2 TCA HOBBY | C34: AGRALE | D34: Diesel | X34: 65250
A35: VOLKSWAGEN | B35: AGRALE/MA10 NEOBUS TH | C35: AGRALE | D35: Outros | T35: 81120
A36: VOLVO | B36: AGRALE/MA10 NEOBUS TH | C36: AGRALE | D36: Diesel | S36: 84530 | T36: 81120 | U36: 78590 | V36: 78570
B37: AGRALE/MA100NEOBUS TPLUS | C37: AGRALE | D37: Diesel | T37: 100990 | U37: 95520 | V37: 90060 | W37: 65710
B38: AGRALE/MA12.0 MAXIBUS DP | C38: AGRALE | D38: Diesel | R38: 153170 | S38: 117690 | T38: 101010 | U38: 96310 | V38: 95830 | W38: 95350
B39: AGRALE/MA120 NEOBUS SPEC | C39: AGRALE | D39: Diesel | S39: 84930 | V39: 69860 | W39: 68950 | X39: 65670
B40: AGRALE/MA150 NEOBUS SPEC | C40: AGRALE | D40: Diesel | O40: 168800 | P40: 137080 | Q40: 125310 | R40: 124140 | S40: 102700 | T40: 98070 | U40: 92430 | V40: 90820 | W40: 86910
B41: AGRALE/MA7.9 WALKBUS L20 | C41: AGRALE | D41: Diesel | T41: 88770 | U41: 80330 | V41: 76100
B42: AGRALE/MA8.5 CICCOBUS 03 | C42: AGRALE | D42: Diesel | V42: 60180
B43: AGRALE/MA8.5 NEOBUS WAY | C43: AGRALE | D43: Diesel | S43: 83870 | T43: 79590 | U43: 77180 | V43: 74760 | W43: 69040 | X43: 59900
B44: AGRALE/MA8.5 UNISAUDE AT | C44: AGRALE | D44: Diesel | U44: 51790 | V44: 48890 | W44: 47380 | X44: 45840
B45: AGRALE/MA8.5 WALKBUS L32 | C45: AGRALE | D45: Diesel | R45: 93050 | S45: 91110 | T45: 85520 | V45: 77560
B46: AGRALE/MA9.2 MAXIBUS MC | C46: AGRALE | D46: Diesel | Q46: 89200 | R46: 86670 | S46: 85210 | T46: 84780 | U46: 69030 | V46: 67680 | W46: 61850 | X46: 57480
B47: AGRALE/MA9.2 WALKBUS L20 | C47: AGRALE | D47: Diesel | V47: 63660
B48: AGRALE/MARRUA AM200 MO | C48: AGRALE | D48: Diesel | H48: 319630 | I48: 296210 | J48: 272880 | K48: 219170 | L48: 190460 | M48: 147660
B49: AGRALE/MARRUAAM200 MOP8 | C49: AGRALE | D49: Diesel | F49: 573130 | G49: 498040
B50: AGRALE/MASCA G TRAMELA O | C50: AGRALE | D50: Diesel | O50: 167910
B51: AGRALE/MASCA GFLEX MA15O | C51: AGRALE | D51: Diesel | I51: 261740 | T51: 120540
B52: AGRALE/MASCA GRAN MIDI E | C52: AGRALE | D52: Diesel | N52: 223590
B53: AGRALE/MASCA GRAN MIDI R | C53: AGRALE | D53: Diesel | O53: 225730 | P53: 224610
B54: AGRALE/MASCA GRAN MIDI R | C54: AGRALE | D54: Diesel | O54: 201670 | S54: 60500
B55: AGRALE/MASCA GRAN MIDI U | C55: AGRALE | D55: Diesel | G55: 276830 | I55: 251090 | M55: 192660 | N55: 164070 | O55: 146170 | P55: 138430 | Q55: 138140 | S55: 137450
B56: AGRALE/MASCA GRAN MIDI U | C56: AGRALE | D56: Diesel | M56: 196320 | N56: 177960 | O56: 176440 | P56: 146870 | Q56: 143240 | R56: 128270 | S56: 124700
B57: AGRALE/MASCA GRAN VIA U | C57: AGRALE | D57: Diesel | F57: 566190 | G57: 516520 | H57: 491930 | M57: 198510 | N57: 188180 | O57: 167970
B58: AGRALE/MASCA GRANMICRO O | C58: AGRALE | D58: Diesel | U58: 56570 | V58: 50170 | W58: 48900 | X58: 47140
B59: AGRALE/MASCA GRANMICROSO | C59: AGRALE | D59: Diesel | L59: 125140 | M59: 124510 | O59: 113440 | P59: 81030 | Q59: 74540 | R59: 66920 | S59: 66900 | T59: 66570 | V59: 59710 | X59: 47820
B60: AGRALE/MASCA GRANMIDI M | C60: AGRALE | D60: Diesel | R60: 102730 | V60: 77360 | W60: 76930 | X60: 62750
B61: AGRALE/MASCA GRANMIDI O | C61: AGRALE | D61: Diesel | N61: 125980 | R61: 97910 | S61: 80140 | T61: 73220 | U61: 69550 | V61: 60000 | W61: 52300 | X61: 50400
B62: AGRALE/MASCA GRANMINI EL | C62: AGRALE | D62: Diesel | I62: 219040 | P62: 139240
B63: AGRALE/MASCA GRANMINI M | C63: AGRALE | D63: Diesel | H63: 290840 | I63: 276990 | L63: 196520 | O63: 178220 | S63: 79570 | T63: 71380 | U63: 68100 | V63: 62160 | W63: 55510 | X63: 55230
B64: AGRALE/MASCA GRANMINI O | C64: AGRALE | D64: Diesel | M64: 121650 | N64: 99330 | O64: 92420 | P64: 82850 | Q64: 64690 | R64: 62520 | S64: 61310 | T64: 48650 | U64: 47260 | V64: 44290 | W64: 41550 | X64: 40360
B65: AGRALE/MASCA GRANVIAMD E | C65: AGRALE | D65: Diesel | O65: 142620 | P65: 141810 | Q65: 141100
B66: AGRALE/MASCA GRMICRO E O | C66: AGRALE | D66: Diesel | F66: 333520 | G66: 317290 | H66: 304200 | I66: 287790 | J66: 234450 | K66: 221220 | L66: 210690 | M66: 200660 | N66: 195670 | O66: 178770 | P66: 164190 | Q66: 150790 | R66: 143950 | S66: 136690 | T66: 120530 | U66: 108350
B67: AGRALE/MASCA GRMIDI EW O | C67: AGRALE | D67: Diesel | P67: 172970 | S67: 163240 | T67: 143940 | U67: 141710
B68: AGRALE/MASCA ROMA ON | C68: AGRALE | D68: Diesel | O68: 309550 | P68: 287060 | Q68: 280930 | R68: 251700 | S68: 239140 | T68: 238450
B69: AGRALE/MASCA ROMA R | C69: AGRALE | D69: Diesel | G69: 499800 | L69: 291360 | M69: 256170 | N69: 247420 | O69: 237930 | P69: 230030 | Q69: 217610
B70: AGRALE/MASCA VMIDIMA15 O | C70: AGRALE | D70: Diesel | Q70: 102530 | R70: 100430 | S70: 92200 | T70: 91750
B71: AGRALE/MASCA VMIDIMA15 O | C71: AGRALE | D71: Diesel | Q71: 90830
B72: AGRALE/MASCARELLO TH UM | C72: AGRALE | D72: Diesel | V72: 105380
B73: AGRALE/MAXIBUS ASTOR | C73: AGRALE | D73: Diesel | J73: 144660 | K73: 123850 | L73: 121980 | P73: 74890 | Q73: 65930 | R73: 62200 | S73: 60890
B74: AGRALE/MAXIBUS DOLPHIN | C74: AGRALE | D74: Diesel | J74: 209370 | P74: 142980 | Q74: 119200 | R74: 116950 | S74: 116100
B75: AGRALE/MAXIBUS LINCE | C75: AGRALE | D75: Diesel | P75: 135450 | Q75: 131660 | R75: 128760
B76: AGRALE/MAXIBUS MCO75 | C76: AGRALE | D76: Diesel | S76: 70670 | T76: 56140 | U76: 55860 | V76: 55580
B77: AGRALE/MAXIBUS MCO85 | C77: AGRALE | D77: Diesel | S77: 78980 | T77: 58060 | U77: 52880 | V77: 51470 | W77: 51210
B78: AGRALE/MAXIBUS MCO85 | C78: AGRALE | D78: Outros | S78: 72680 | T78: 58060 | U78: 54520 | W78: 50470
B79: AGRALE/MPOLO IDEALE R | C79: AGRALE | D79: Diesel | O79: 213890 | P79: 200280 | Q79: 184740 | R79: 175410 | S79: 167260 | T79: 163460 | U79: 151360 | V79: 140320 | W79: 133990
B80: AGRALE/MPOLO S TRAMELA O | C80: AGRALE | D80: Diesel | S80: 155580
B81: AGRALE/MPOLO SEN MIDI MO | C81: AGRALE | D81: Diesel | P81: 166860
B82: AGRALE/MPOLO SEN MIDI ON | C82: AGRALE | D82: Diesel | N82: 184550 | O82: 176880 | P82: 147120 | Q82: 135330 | R82: 129110 | S82: 122820 | T82: 108710 | U82: 102520 | V82: 97940 | W82: 96070 | X82: 82670
B83: AGRALE/MPOLO SENIOR ESC | C83: AGRALE | D83: Diesel | P83: 159770
B84: AGRALE/MPOLO SENIOR GVO | C84: AGRALE | D84: Diesel | X84: 48910
B85: AGRALE/MPOLO SENIOR MO | C85: AGRALE | D85: Diesel | P85: 115990 | S85: 97800 | T85: 97320 | W85: 75740
B86: AGRALE/MPOLO SENIOR ON | C86: AGRALE | D86: Diesel | L86: 121110 | M86: 110180 | N86: 104330 | O86: 97750 | P86: 91250 | Q86: 84670 | R86: 78450 | S86: 75360 | T86: 71370 | U86: 67070 | V86: 55780 | W86: 51020 | X86: 47640
B87: AGRALE/MPOLO SENIOR R | C87: AGRALE | D87: Diesel | H87: 268600 | J87: 215670 | K87: 183280
B88: AGRALE/MPOLO SENIOR U | C88: AGRALE | D88: Diesel | K88: 149970
B89: AGRALE/MPOLO TORINO U | C89: AGRALE | D89: Diesel | L89: 189320 | M89: 180990 | N89: 180080 | O89: 163270 | P89: 162460 | Q89: 144380 | R89: 144010
B90: AGRALE/MPOLO VIAGGIO R | C90: AGRALE | D90: Diesel | Q90: 202470
B91: AGRALE/MPOLO VOL W-L GU | C91: AGRALE | D91: Outros | H91: 293230
B92: AGRALE/MT120LE NEOBUS MG | C92: AGRALE | D92: Diesel | R92: 154040
B93: AGRALE/MT120SB NEOBUS SP | C93: AGRALE | D93: Diesel | X93: 63420
B94: AGRALE/NEOBUS MEGA U | C94: AGRALE | D94: Diesel | M94: 184670 | O94: 160250 | Q94: 141180 | R94: 137610
B95: AGRALE/NEOBUS TH MO | C95: AGRALE | D95: Diesel | R95: 134490
B96: AGRALE/NEOBUS TH O | C96: AGRALE | D96: Diesel | J96: 194760 | K96: 194010 | L96: 176290 | M96: 167890 | N96: 139240 | O96: 134780 | P96: 128060 | Q96: 121310 | R96: 112090 | S96: 72890
B97: AGRALE/NEOBUS THUNDER | C97: AGRALE | D97: Diesel | S97: 87820 | T97: 82020 | U97: 80330 | V97: 74760 | W97: 69040 | X97: 59900
B98: AGRALE/WALKBUS PANTER | C98: AGRALE | D98: Diesel | P98: 124260 | Q98: 123640 | R98: 101300 | S98: 94450 | T98: 93980 | U98: 83250 | V98: 81150 | X98: 80750
B99: I/ANKAI OE10 | C99: ANKAI | D99: Outros | G99: 461220
B100: I/ANKAI OE12 | C100: ANKAI | D100: Outros | G100: 511650
...

Sheet dFunc
B4: DADOS DO MOTORISTA
C6: MOTORISTA
E8: Selecione o motorista: | F8: Funcionário | L8: *selecione quem irá executar o serviço.
E10: =IF(F8="Autônomo","Pro-Labore:",IF(F8="Proprietário","Pro-Labore:","Salário motorista:")) -> Salário motorista: | F10: 3302 | L10: =IF(F8="Funcionário", " *valor deverá ser compatível com o salário da categoria.","") -> *valor deverá ser compatível com o salário da categoria.
E12: Horas contratadas: | F12: 220 | H12: *cotar quantidade de horas que será contratado o motorista.
D14: =IF(F8="Autônomo",auxiliar!B26,IF(F8="Proprietário",auxiliar!B27,auxiliar!B28)) -> *cotar o valor do salário do motorista contratado para a linha que será confrontado posteriormente com na documentação do mesmo.
C18: VALORES DE REFERÊNCIA
E20: Salário mínimo nacional: | F20: 1518
E22: Piso Salarial Categoria: | F22: 3302 | I22: para a carga horária de 220 horas mensais. Cláusula terceira da convenção.
D26: Convenção Coletiva de Trabalho 2025/2026 do SINDICATO DOS TRABALHADORES E CONDUTORES DE VEICULOS
D27: RODOVIARIOS DE SANTA MARIA-RS E REGIAO (RS002404/2025, registrada no MTE em 01/07/2025)

Sheet dCotacao
B4: COTAÇÃO DOS INSUMOS E MANUTENÇÃO DO VEÍCULO
C6: COMBUSTÍVEL
D8: Combustível: | E8: =dVeic!J10 -> Diesel | N8: Tipo: | O8: DIESEL S10
D10: Preço: | E10: 5.99 | F10: =IF(O8="DIESEL COMUM",auxiliar!E10,IF(O8="DIESEL S10",auxiliar!E11,IF(O8="GASOLINA COMUM",auxiliar!E13,IF(O8="GASOLINA ADITIVADA",auxiliar!E14,0)))) -> * valor médio do litro não podendo ser inferior a R$ 5,89 nem superior a R$ 6,19
F14: Seguro RCFV DAER: | G14: 2537.04 | J14: *cotar o valor da apólice do seguro de responsabilidade civil perante ao DAER
C17: LUBRIFICANTES
F19: Tipo Lubrificante motor: | G19: 5W30 | O19: Custo por litro: | P19: 49.99 | R19: R$
F21: Tipo Lubrif. Transmissão: | G21: 80W90 | O21: Custo por litro: | P21: 62.19 | R21: R$
C24: PNEUS/CAMARAS
F26: Tipo de Pneu Dianteiro: | G26: 225-75 R17,5 | O26: Valor do pneu: | P26: 1845 | S26: R$
F28: Tipo de Pneu Traseiro: | G28: 225-75 R17,5 | O28: Valor do pneu: | P28: 1845 | S28: R$
F30: Câmaras/protetores: | O30: Custo do item: | P30: 0 | S30: *cotar somente se houver custo
F34: Lavagens e graxas: | G34: 270 | J34: *cotar o valor médio de cada serviço
F38: Manutenção e reparos: | G38: 5000 | J38: *cotar o valor médio de custeio dos demais materiais e serviço despendidos | W38: → | X38: ="Informar o valor médio anual gasto não podendo ser superior a "&auxiliar!O6*100&"% do valor do veículo." -> Informar o valor médio anual gasto não podendo ser superior a 3% do valor do veículo.
J39: para a manutenção do veículo.

Sheet dBDI
B4: QUADRO DE COMPOSIÇÃO DO BDI E ENCARGOS SOCIAIS
C6: BDI (Bonificações e Despesas Indiretas)
D8: Itens | M8: Siglas | O8: % | Q8: Informações
D9: Custos e Despesas Indiretas | M9: CI | O9: 4 | Q9: % | R9: *Percentual máximo aceitável de custos e despesas 4%
D10: Despesas administrativas | M10: DA | O10: 1 | Q10: % | R10: *Percentual máximo aceitável de despesas adm. 1%
D11: Lucro | M11: L | O11: 15 | Q11: % | R11: *Percentual máximo aceitável de lucro 15%
D12: Tributos | M12: T | O12: =SUM(M13:N16) -> 0.0665
D13: Simples Nacional / MEI | M13: =SUM(auxiliar!$D$17:$D$18) -> 0
D14: PIS | M14: =IF(auxiliar!$D$19=1,auxiliar!$E$19,IF(auxiliar!$D$20=1,auxiliar!$E$20,0)) -> 0.0065 | Q14: *percentuais calculados conforme informações colocadas nos campos tipo de licitante e regime tributário da planilha DADOS DO LICITANTE
D15: Cofins | M15: =IF(auxiliar!$D$19=1,auxiliar!$F$19,IF(auxiliar!$D$20=1,auxiliar!$F$20,0)) -> 0.03
D16: ISS | M16: =IF(auxiliar!$D$19=1,auxiliar!$F$19,IF(auxiliar!$D$20=1,auxiliar!$G$20,0)) -> 0.03
D17: Total BDI | O17: =(((1+((O9+O10)/100))*(1+(O11/100))))/(1-(O12))-100% -> 0.29351901
D20: Os valores de BDI foram calculados com o emprego da fórmula:
C26: ENCARGOS SOCIAIS
C28: Grupo A - Obrigações Sociais | W28: *percentuais calculados conforme informações colocadas nos campos tipo de licitante e regime tributário da planilha DADOS DO LICITANTE e DADOS DO MOTORISTA
C29: INSS (art. 22, inc. I, Lei nº 8.212/91) | T29: =IF(dFunc!$F$8="Funcionário",IF(auxiliar!$C$17=1,0,IF(auxiliar!$C$18=1,0,IF(auxiliar!$C$21=1,0,0.2))),0) -> 0.2
C30: FGTS (art. 15, Lei nº 8.036/90) | T30: =IF(dFunc!$F$8="Funcionário",0.08,0) -> 0.08
C31: SAT 1%, 2% e 3% (art. 22, inc. II, alíneas "b" e "c", da Lei nº 8.212/91) | T31: =IF(dFunc!$F$8="Funcionário",IF(auxiliar!$C$17=1,0,IF(auxiliar!$C$18=1,0,IF(auxiliar!$C$21=1,0,0.03))),0) -> 0.03
C32: Salário Educação (art. , inc. I, Decreto nº 87.043/82) | T32: =IF(dFunc!$F$8="Funcionário",IF(auxiliar!$C$17=1,0,IF(auxiliar!$C$18=1,0,IF(auxiliar!$C$21=1,0,0.025))),0) -> 0.025
C33: SEBRAE (§ 3º, art. 8º, Lei nº 8.029/90) | T33: =IF(dFunc!$F$8="Funcionário",IF(auxiliar!$C$17=1,0,IF(auxiliar!$C$18=1,0,IF(auxiliar!$C$21=1,0,0.006))),0) -> 0.006
C34: SESI ou SESC (art. 30, Lei nº 8.036/90) | T34: =IF(dFunc!$F$8="Funcionário",IF(auxiliar!$C$17=1,0,IF(auxiliar!$C$18=1,0,IF(auxiliar!$C$21=1,0,0.015))),0) -> 0.015
C35: SENAI ou SENAC (Decreto-Lei nº 2.318/86) | T35: =IF(dFunc!$F$8="Funcionário",IF(auxiliar!$C$17=1,0,IF(auxiliar!$C$18=1,0,IF(auxiliar!$C$21=1,0,0.01))),0) -> 0.01
C36: INCRA (art. 15I, Lei Complementar nº 011/71) | T36: =IF(dFunc!$F$8="Funcionário",IF(auxiliar!$C$17=1,0,IF(auxiliar!$C$18=1,0,IF(auxiliar!$C$21=1,0,0.002))),0) -> 0.002
C37: Sub-total | T37: =SUM(T29:U36) -> 0.368
C39: Grupo B - Tempo Não Trabalhado
C40: 13º Salário | T40: =IF($T$30=8%,8.333%,0) -> 0.08333
C41: Férias Gozadas + Adicional de Férias (1/3) | T41: =IF($T$30=8%,11.11%,0) -> 0.1111
C42: Aviso Prévio Trabalhado | T42: =IF($T$30=8%,1.944%,0) -> 0.01944
C43: Auxílio Doenca | T43: =IF($T$30=8%,1.389%,0) -> 0.01389
C44: Sub-total | T44: =SUM(T40:U43) -> 0.22776
C46: Grupo C - Indenizações
C47: Aviso Prévio Indenizado | T47: =IF($T$30=8%,0.417%,0) -> 0.00417
C48: 40% FGTS (rescisões) | T48: =IF($T$30=8%,3.2%,0) -> 0.032
C49: Sub-total | T49: =SUM(T47:U48) -> 0.03617
C51: D - Incidência cumulativa
C52: Grupo A sobre Grupo B (A x B) | T52: =ROUND($T$37*$T$44,4) -> 0.0838
C54: Total para Encargos Sociais (A + B + C+ D) | T54: =T37+T44+T49+T52 -> 0.71573

Sheet dPlanilha
B4: Planilha de Composição de Custos e Formação de Preços
D6: Empresa: | E6: =dEmp!D8 -> MUNICIPIO DE SANTIAGO
D8: CNPJ/CPF: | E8: =IF(dEmp!D6="Empresa",dEmp!D10,dEmp!F6) -> 87897740000150 | S8: Inscrição Estadual: | T8: =dEmp!D12 -> ISENTO
D10: Endereço: | E10: =dEmp!D14 -> Rua Tito Beccon | P10: Nº: | Q10: =dEmp!I14 -> 1754 | W10: Regime Tributário: | X10: =dEmp!D26 -> Lucro Presumido | AE10: → | AF10: Conferir se o regime tributário está corretamente preenchido.
D12: Bairro: | E12: =dEmp!D16 -> Centro | P12: Cidade: | Q12: =dEmp!G16 -> Santiago/RS
B14: Detalhamento dos Serviços: Custo relativo ao transporte de passageiros por quilômetro rodado, utilizando veículo tipo "Microônibus", com no mínimo 30 lugares adultos, máximo de 05 anos de uso e deverá conter todos os demais itens de série, além de todos os itens obrigatórios pelo CTB. Veículo deverá ser equipado com Ar condicionado e conduzido por motorista devidamente habilitado e qualificado para o serviço. Mão de obra mensurada através da Convenção Coletiva de Trabalho 2025/2026 do SINDICATO DOS TRABALHADORES E CONDUTORES DE VEICULOS RODOVIARIOS DE SANTA MARIA-RS E REGIAO (RS002404/2025, registrada no MTE em 01/07/2025).
B16: Percurso Médio Anual (Km/ano) | I16: 33600 | U16: Percurso Médio Mês (Km/mês) | AB16: =I16/12 -> 2800
B19: CUSTO TRANSPORTE PASSAGEIROS - MICROÔNIBUS
E21: Veículo cotado/Ano: | F21: =dVeic!E8 -> MARCOPOLO/VOLARE DW9 ON | S21: =dVeic!E10 -> 2024 | Y21: Tipo de motorista: | Z21: =dFunc!F8 -> Funcionário | AE21: → | AF21: Conferir se o tipo de motorista que irá executar o serviço está corretamente preenchido.
B23: ITENS | H23: EM UNIDADES | R23: VALORES | V23: INDICAÇÃO DE CALCULOS | AA23: Custo Km (R$/Km)
B24: 1 | C24: Salários e Encargos | H24: 1.1 - Salario Motorista | Q24: R$ | R24: =dFunc!F10 -> 3302 | V24: Custo Total 1.4 ÷ Media Km/Mês 1.5 | AA24: =ROUND(R27/R28,2) -> 2.09 | AE24: → | AF24: Salário do motorista ou pro-labore do proprietário serão posteriormente confrontados na documentação mensal da empresa.
H25: 1.2 - Encargos Sociais/Trabalhistas (1) | Q25: % | R25: =dBDI!T54 -> 0.71573 | AE25: → | AF25: Encargos Sociais/Trabalhsitas, calculados conforme regime tributário da empresa e informação do tipo de motorista.
H26: 1.3 - Vale Transporte (Santiago) 2 x 22 dias | Q26: R$ | R26: =4*2*22 -> 176 | AE26: → | AF26: Vale transporte de 02 passagens a R$ 4,00 cada, por dia para 22 dias no mês.
H27: 1.4 - Custo Total Salários e Encargos | Q27: R$ | R27: =(R24*R25)+R26+R24 -> 5841.3405
H28: 1.5 - Média de Km no percurso/mês | Q28: Km | R28: =AB16 -> 2800
B29: (1) % de Encargos Sociais/Trabalhistas determinado de acordo com o regime tributário da empresa e qual tipo de motorista.
B30: 2 | C30: Depreciação (Linear) | H30: 2.1 Valor Médio Veículo | Q30: R$ | R30: =dVeic!E12 -> 574870.5 | V30: Custo Deprec. ÷ 2.800 Km/Mês | AA30: =ROUND(R33/AB16,2) -> 0.91 | AE30: → | AF30: Valor do veículo será confrontado com a documentação que será entregue posteriormente na ordem de serviço
H31: 2.2 Depreciação 80% (Vlr. Residual 20%) | Q31: R$ | R31: =R30*0.8 -> 459896.4
H32: 2.3 Dep.Anual Vida útil: 15 Anos (100% ÷ 15) | Q32: % | R32: =1/15 -> 0.066666667 | AE32: → | AF32: Valor da depreciação irá variar de acordo com a vida útil do veículo apresentado, levando-se em conta o ano de fabricação e o limite de 15 anos de uso conforme legislação de trânsito.
H33: 2.4 Depreciação mensal ((2.2 x 2.3) ÷ 12mes) | Q33: R$ | R33: =ROUND((R31*R32)/12,3) -> 2554.98
B34: 3 | C34: Licenciamento e Seguros | H34: 3.1 Licenciamento R$ 109,27 (1/12 avos) | Q34: R$ | R34: =ROUND(109.27/12,2) -> 9.11 | V34: Custo Licenc/Seg. ÷ 2.800 Km/Mês | AA34: =ROUND(R39/AB16,2) -> 0.11
H35: 3.2 DPVAT Seg.Obrig. R$ 0,00 (1/12 avos) | Q35: R$ | R35: 0
H36: 3.3 Vistoria R$ 168,00 (1/6 avos) | Q36: R$ | R36: =ROUND(168/6,2) -> 28
H37: 3.4 Aferição Tacógrafo R$ 700,00 (1/12 avos) | Q37: R$ | R37: =ROUND(700/12,2) -> 58.33
H38: ="3.5 Seguro RCFV (DAER) "&dCotacao!G14&" (1/12 avos)" -> 3.5 Seguro RCFV (DAER) 2537,04 (1/12 avos) | Q38: R$ | R38: =ROUND(dCotacao!G14/12,2) -> 211.42
H39: 3.6 Total Licenciamento e Seguros | Q39: R$ | R39: =SUM(R34:R38) -> 306.86
B40: 4 | C40: Combustível | H40: ="4.1 Preço "&dCotacao!O8 -> 4.1 Preço DIESEL S10 | Q40: R$ | R40: =dCotacao!E10 -> 5.99 | V40: Preço ÷ Consumo | AA40: =ROUND(R40/R41,2) -> 1.3
H41: 4.2 Consumo médio | Q41: KM/L | R41: =dVeic!E17 -> 4.6
B42: 5 | C42: Óleo Lubrificante Motor | H42: ="5.1 Óleo do Motor "&dCotacao!G19 -> 5.1 Óleo do Motor 5W30 | Q42: Litros | R42: =dVeic!F20 -> 18 | V42: Litros x R$ Km Troca | AA42: =ROUND((R42*R44)/R43,2) -> 0.09
H43: 5.2 Peridiocidade da troca | Q43: KM | R43: =dVeic!J20 -> 10000
H44: 5.3 Preço por Litro | Q44: R$/L | R44: =dCotacao!P19 -> 49.99
B45: 6 | C45: Óleo Lubrificante Transmissão | H45: ="6.1 Óleo da Transmissão "&dCotacao!G21 -> 6.1 Óleo da Transmissão 80W90 | Q45: Litros | R45: =dVeic!F24 -> 5 | V45: Litros x R$ Km Troca | AA45: =ROUND((R45*R47)/R46,2) -> 0.01
H46: 6.2 Peridiocidade da troca | Q46: KM | R46: =dVeic!J24 -> 50000
H47: 6.3 Preço por Litro | Q47: R$/L | R47: =dCotacao!P21 -> 62.19
B48: 7 | C48: ="Pneus/Câmaras Dianteiros - 02 Traseiros - 0"&dVeic!F30 -> Pneus/Câmaras Dianteiros - 02 Traseiros - 04 | H48: ="7.1 Pneus tipo "&dCotacao!G28 -> 7.1 Pneus tipo 225-75 R17,5 | Q48: R$ | R48: =AVERAGE(dCotacao!P26,dCotacao!P28) -> 1845 | V48: Custo Pneus/Câm. Km Troca | AA48: =ROUND(R51/R50,2) -> 0.37
H49: 7.2 Câmaras e Protetores | Q49: R$ | R49: =dCotacao!P30 -> 0
H50: 7.2 Duração Média | Q50: KM | R50: =AVERAGE(dVeic!J28:K30) -> 30000
H51: ="7.3 Custo Pneus/Câm. (Vlr. Unit x 0"&dVeic!F28+dVeic!F30&" qtde)" -> 7.3 Custo Pneus/Câm. (Vlr. Unit x 06 qtde) | Q51: R$ | R51: =SUM(R48:R49)*(dVeic!F28+dVeic!F30) -> 11070
B52: 8 | C52: Manutenção e Reparos | H52: 8.1 Custo Médio Manutenção (2) | Q52: R$ | R52: =dCotacao!G38 -> 5000 | V52: Custo Manut. Km Média Anual | AA52: =ROUND(R52/R53,2) -> 0.17 | AE52: → | AF52: Gastos médio anual com demais peças e serviços de manutenção não contemplados nos campos acima.
H53: 8.2 Quilometragem Anual | Q53: KM | R53: =dVeic!J34 -> 30000
B54: (2) Estimado o percentual de até 15%, sobre o valor médio e ano do veículo para custeio dos demais materiais e serviços despendidos para a manutenção do veículo.
B55: 9 | C55: Lavagens e Graxas | H55: 9.1 Valor Estimado Mensal | Q55: R$ | R55: =dCotacao!G34 -> 270 | V55: Custo Mensal peridiocidade | AA55: =ROUND(R55/R56,2) -> 0.05
H56: 9.2 Peridiocidade do serviço | Q56: KM | R56: =dVeic!F34 -> 5000
B57: SUB-TOTAL CUSTO KM RODADO | AA57: =SUM(AA24:AA56) -> 5.1
B58: 10 | C58: BDI (Bonificações e Despesas Indiretas) | Q58: % | R58: =dBDI!O17 -> 0.29351901 | V58: % x SUB-TOTAL | AA58: =ROUND(AA57*R58,2) -> 1.5 | AE58: → | AF58: Caso apresente erro no percentual, verificar se foi selecionado corretamente o regime tributário e preechido corretamente o campo RBT12 no cadastro do licitante.
B59: Forma de cálculo do BDI: | U59: Forma de cálculo do | X59: BDI = ( 1 + (CI + DA) x (1 + L) | AB59: - 1
B60: CI = Custos e Despesas Indiretas ..................................................................... | P60: =dBDI!O9/100 -> 0.04 | X60: (1 - T)
B61: DA = Despesas Administrativas ........................................................................................ | P61: =dBDI!O10/100 -> 0.01
B62: L = Taxa de Lucro Bruto ........................................................................................................ | P62: =dBDI!O11/100 -> 0.15 | V62: =IF(W62="","","Simples Nacional:") | W62: =IF(dBDI!M13=0,"",dBDI!M13) | AA62: =IF(W62="","COFINS:","") -> COFINS: | AB62: =IF(dBDI!M15=0,"",dBDI!M15) -> 0.03
B63: T = Taxa dos Tributos (Simples Nacional, PIS, COFINS, ISS) ............................. | P63: =dBDI!O12 -> 0.0665 | V63: =IF(W62="","PIS:","") -> PIS: | W63: =IF(dBDI!M14=0,"",dBDI!M14) -> 0.0065 | AA63: =IF(W62="","ISS:","") -> ISS: | AB63: =IF(dBDI!M16=0,"",dBDI!M16) -> 0.03
B66: CUSTO TOTAL POR KM RODADO (sub-total + BDI): | AA66: =AA57+AA58 -> 6.6
C68: ="VALIDADE DA PROPOSTA: "&dEmp!$E$22&" DIAS" -> VALIDADE DA PROPOSTA: 60 DIAS
B69: =dEmp!$G$16&", "&DAY(dEmp!$G$22)&" de "&auxiliar!$S$16&" de "&YEAR(dEmp!$G$22)&"." -> Santiago/RS, 2 de dezembro de 2025.
R70: ____________________________________________________
R71: =IF(dEmp!$D$18="","",dEmp!$D$18)
R72: Representante Legal
R73: ="CPF: "&dEmp!$D$20&"" -> CPF:
B76: Planilha de Composição de Custos e Formação de Preços
D78: Empresa: | E78: =dEmp!D8 -> MUNICIPIO DE SANTIAGO
D80: CNPJ/CPF: | E80: =IF(dEmp!D6="Empresa",dEmp!D10,dEmp!F6) -> 87897740000150 | S80: Inscrição Estadual: | T80: =dEmp!D12 -> ISENTO
D82: Endereço: | E82: =dEmp!D14 -> Rua Tito Beccon | P82: Nº: | Q82: =dEmp!I14 -> 1754 | W82: Regime Tributário: | X82: =dEmp!D26 -> Lucro Presumido
D84: Bairro: | E84: =dEmp!D16 -> Centro | P84: Cidade: | Q84: =dEmp!G16 -> Santiago/RS
B86: ENCARGOS SOCIAIS
G88: Grupo A - Obrigações Sociais
G89: INSS (art. 22, inc. I, Lei nº 8.212/91) | X89: =IF(dFunc!$F$8="Funcionário",IF(auxiliar!$C$17=1,0,IF(auxiliar!$C$18=1,0,IF(auxiliar!$C$21=1,0,0.2))),0) -> 0.2
G90: FGTS (art. 15, Lei nº 8.036/90) | X90: =IF(dFunc!$F$8="Funcionário",0.08,0) -> 0.08
G91: SAT 1%, 2% e 3% (art. 22, inc. II, alíneas "b" e "c", da Lei nº 8.212/91) | X91: =IF(dFunc!$F$8="Funcionário",IF(auxiliar!$C$17=1,0,IF(auxiliar!$C$18=1,0,IF(auxiliar!$C$21=1,0,0.03))),0) -> 0.03
G92: Salário Educação (art. , inc. I, Decreto nº 87.043/82) | X92: =IF(dFunc!$F$8="Funcionário",IF(auxiliar!$C$17=1,0,IF(auxiliar!$C$18=1,0,IF(auxiliar!$C$21=1,0,0.025))),0) -> 0.025
G93: SEBRAE (§ 3º, art. 8º, Lei nº 8.029/90) | X93: =IF(dFunc!$F$8="Funcionário",IF(auxiliar!$C$17=1,0,IF(auxiliar!$C$18=1,0,IF(auxiliar!$C$21=1,0,0.006))),0) -> 0.006
G94: SESI ou SESC (art. 30, Lei nº 8.036/90) | X94: =IF(dFunc!$F$8="Funcionário",IF(auxiliar!$C$17=1,0,IF(auxiliar!$C$18=1,0,IF(auxiliar!$C$21=1,0,0.015))),0) -> 0.015
G95: SENAI ou SENAC (Decreto-Lei nº 2.318/86) | X95: =IF(dFunc!$F$8="Funcionário",IF(auxiliar!$C$17=1,0,IF(auxiliar!$C$18=1,0,IF(auxiliar!$C$21=1,0,0.01))),0) -> 0.01
G96: INCRA (art. 15I, Lei Complementar nº 011/71) | X96: =IF(dFunc!$F$8="Funcionário",IF(auxiliar!$C$17=1,0,IF(auxiliar!$C$18=1,0,IF(auxiliar!$C$21=1,0,0.002))),0) -> 0.002
G97: Sub-total | X97: =SUM(X89:Y96) -> 0.368
G99: Grupo B - Tempo Não Trabalhado
G100: 13º Salário | X100: =IF($X90=8%,8.333%,0) -> 0.08333
G101: Férias Gozadas + Adicional de Férias (1/3) | X101: =IF($X$90=8%,11.11%,0) -> 0.1111
G102: Aviso Prévio Trabalhado | X102: =IF($X$90=8%,1.944%,0) -> 0.01944
G103: Auxílio Doenca | X103: =IF($X$90=8%,1.389%,0) -> 0.01389
G104: Sub-total | X104: =SUM(X100:Y103) -> 0.22776
G106: Grupo C - Indenizações
G107: Aviso Prévio Indenizado | X107: =IF($X$90=8%,0.417%,0) -> 0.00417
G108: 40% FGTS (rescisões) | X108: =IF($X$90=8%,3.2%,0) -> 0.032
G109: Sub-total | X109: =SUM(X107:Y108) -> 0.03617
G111: D - Incidência cumulativa
G112: Grupo A sobre Grupo B (A x B) | X112: =ROUND(X97*X104,4) -> 0.0838
G114: Total para Encargos Sociais (A + B + C+ D) | X114: =X97+X104+X109+X112 -> 0.71573
B116: BDI (Bonificações e Despesas Indiretas)
D118: Itens | M118: Siglas | P118: %
D119: Custos e Despesas Indiretas | M119: CI | P119: =dBDI!O9/100 -> 0.04
D120: Despesas administrativas | M120: DA | P120: =dBDI!O10/100 -> 0.01
D121: Lucro | M121: L | P121: =dBDI!O11/100 -> 0.15
D122: Tributos | M122: T | P122: =SUM(M123:N126) -> 0.0665
D123: Simples Nacional / MEI | M123: =SUM(auxiliar!$D$17:$D$18) -> 0
D124: PIS | M124: =IF(auxiliar!$D$19=1,auxiliar!$E$19,IF(auxiliar!$D$20=1,auxiliar!$E$20,0)) -> 0.0065
D125: Cofins | M125: =IF(auxiliar!$D$19=1,auxiliar!$F$19,IF(auxiliar!$D$20=1,auxiliar!$F$20,0)) -> 0.03
D126: ISS | M126: =IF(auxiliar!$D$19=1,auxiliar!$F$19,IF(auxiliar!$D$20=1,auxiliar!$G$20,0)) -> 0.03
D127: Total BDI | P127: =(((1+(P119+P120))*(1+(P121))))/(1-(P122))-100% -> 0.29351901
D130: Os valores de BDI foram calculados com o emprego da fórmula:
B135: =dEmp!$G$16&", "&DAY(dEmp!$G$22)&" de "&auxiliar!$S$16&" de "&YEAR(dEmp!$G$22)&"." -> Santiago/RS, 2 de dezembro de 2025.
R138: ____________________________________________________
...

Sheet auxiliar
D1: Receita Bruta em 12 Meses (em R$) | F1: Alíquota | G1: Valor a Deduzir (em R$) | H1: aliquota calculada | Q1: coluna valor do veiculo
A2: =IF(dEmp!D6="Autônomo",1,2) -> 2 | B2: Seleciona Autonomo ou empresa | D2: 1a Faixa | E2: 180000 | F2: 0.06 | G2: 0 | H2: =IF(dEmp!D28<=auxiliar!E2,((dEmp!D28*auxiliar!F2)-auxiliar!G2)/dEmp!D28, IF(dEmp!D28<=auxiliar!E3,((dEmp!D28*auxiliar!F3)-auxiliar!G3)/dEmp!D28, IF(dEmp!D28<=auxiliar!E4,((dEmp!D28*auxiliar!F4)-auxiliar!G4)/dEmp!D28, IF(dEmp!D28<=auxiliar!E5,((dEmp!D28*auxiliar!F5)-auxiliar!G5)/dEmp!D28, IF(dEmp!D28<=auxiliar!E6,((dEmp!D28*auxiliar!F6)-auxiliar!G6)/dEmp!D28, IF(dEmp!D28<=auxiliar!E7,((dEmp!D28*auxiliar!F7)-auxiliar!G7)/dEmp!D28,0)))))) -> #DIV/0! | Q2: =IF(dVeic!E10=2025,4, IF(dVeic!E10=2024,5, IF(dVeic!E10=2023,6, IF(dVeic!E10=2022,7, IF(dVeic!E10=2021,8, IF(dVeic!E10=2020,9, IF(dVeic!E10=2019,10, IF(dVeic!E10=2018,11, IF(dVeic!E10=2017,12, IF(dVeic!E10=2016,13, IF(dVeic!E10=2015,14, IF(dVeic!E10=2014,15, IF(dVeic!E10=2013,16, IF(dVeic!E10=2012,17, IF(dVeic!E10=2011,18, IF(dVeic!E10=2010,19,0)))))))))))))))) -> 5 | R2: 1 | S2: janeiro
D3: 2a Faixa | E3: 360000 | F3: 0.112 | G3: 9360 | R3: 2 | S3: fevereiro
A4: =IF(A2=1,"Autônomo",B4) -> MEI - Microempreendedor Individual | B4: MEI - Microempreendedor Individual | D4: 3a Faixa | E4: 720000 | F4: 0.135 | G4: 17640 | L4: depreciação | R4: 3 | S4: março
B5: Simples Nacional | D5: 4a Faixa | E5: 1800000 | F5: 0.16 | G5: 35640 | L5: =ROUND(1/dVeic!J17,3) -> 0.063 | R5: 4 | S5: abril
B6: Lucro Presumido | D6: 5a Faixa | E6: 3600000 | F6: 0.21 | G6: 125640 | N6: % manutencao | O6: =IF(dVeic!E10=2025,0, IF(dVeic!E10=2024,0.03, IF(dVeic!E10=2023,0.03, IF(dVeic!E10=2022,0.04, IF(dVeic!E10=2021,0.05, IF(dVeic!E10=2020,0.06, IF(dVeic!E10=2019,0.07, IF(dVeic!E10=2018,0.08, IF(dVeic!E10=2017,0.09, IF(dVeic!E10=2016,0.1, IF(dVeic!E10=2015,0.11, IF(dVeic!E10=2014,0.12, IF(dVeic!E10=2013,0.13, IF(dVeic!E10=2012,0.14, IF(dVeic!E10=2011,0.15, IF(dVeic!E10=2010,0.15,0)))))))))))))))) -> 0.03 | R6: 5 | S6: maio
B7: Lucro Real | D7: 6a Faixa | E7: 4800000 | F7: 0.33 | G7: 648000 | R7: 6 | S7: junho
R8: 7 | S8: julho
C9: min | D9: max | R9: 8 | S9: agosto
B10: DIESEL COMUM | C10: 5.79 | D10: 6.09 | E10: ="* valor médio do litro não podendo ser inferior a R$ "&C10&" nem superior a R$ "&D10&"" -> * valor médio do litro não podendo ser inferior a R$ 5,79 nem superior a R$ 6,09 | R10: 9 | S10: setembro
B11: DIESEL S10 | C11: 5.89 | D11: 6.19 | E11: ="* valor médio do litro não podendo ser inferior a R$ "&C11&" nem superior a R$ "&D11&"" -> * valor médio do litro não podendo ser inferior a R$ 5,89 nem superior a R$ 6,19 | R11: 10 | S11: outubro
R12: 11 | S12: novembro
B13: GASOLINA COMUM | C13: 5.89 | D13: 6.19 | E13: ="* valor médio do litro não podendo ser inferior a R$ "&C13&" nem superior a R$ "&D13&"" -> * valor médio do litro não podendo ser inferior a R$ 5,89 nem superior a R$ 6,19 | R13: 12 | S13: dezembro
B14: GASOLINA ADITIVADA | C14: 6.08 | D14: 6.28 | E14: ="* valor médio do litro não podendo ser inferior a R$ "&C14&" nem superior a R$ "&D14&"" -> * valor médio do litro não podendo ser inferior a R$ 6,08 nem superior a R$ 6,28
E16: pis | F16: cofins | G16: iss | R16: =MONTH(dEmp!G22) -> 12 | S16: =IF(R16=R2,S2, IF(R16=R3,S3, IF(R16=R4,S4, IF(R16=R5,S5, IF(R16=R6,S6, IF(R16=R7,S7, IF(R16=R8,S8, IF(R16=R9,S9, IF(R16=R10,S10, IF(R16=R11,S11, IF(R16=R12,S12, IF(R16=R13,S13)))))))))))) -> dezembro
A17: BDI | B17: MEI | C17: =IF(dEmp!D26="MEI - Microempreendedor Individual",1,0) -> 0 | D17: =IF(C17=1,0.00001,0) -> 0
B18: Simples | C18: =IF(dEmp!D26="Simples Nacional",1,0) -> 0 | D18: =IF(C18=1,H2,0) -> 0
B19: Lucro Presumido | C19: =IF(dEmp!D26="Lucro Presumido",1,0) -> 1 | D19: =IF(C19=1,1,0) -> 1 | E19: 0.0065 | F19: 0.03 | G19: 0.03
B20: Lucro Real | C20: =IF(dEmp!D26="Lucro Real",1,0) -> 0 | D20: =IF(C20=1,1,0) -> 0 | E20: 0.0165 | F20: 0.076 | G20: 0.03
B21: Autonomo | C21: =IF(dEmp!D26="Autônomo",1,0) -> 0 | D21: =IF(C21=1,0.00001,0) -> 0
B23: Autônomo
A24: 1518 | B24: Empresário/Sócio
A25: 3302 | B25: Funcionário
B26: *cotar somente se o licitante for executar o serviço como autônomo, devendo o valor ser no mínimo 01 salário mínimo nacional. Valores cotados acima deverão ser comprovados na execução.
A27: =ROUND((A25/220)*160,2) -> 2401.45 | B27: *cotar somente se o licitante proprietário da empresa for o motorista que irá executar o serviço. no mínimo, 01 salário mínimo nacional e no máximo o salário da Convenção Coletiva.
A28: =A25 -> 3302 | B28: *cotar o valor do salário do motorista contratado para a linha que será confrontado posteriormente com na documentação do mesmo.
A30: 2025
A31: =A30-1 -> 2024
A32: =A31-1 -> 2023
A33: =A32-1 -> 2022
A34: =A33-1 -> 2021
A35: =A34-1 -> 2020
A36: =A35-1 -> 2019
A37: =A36-1 -> 2018
A38: =A37-1 -> 2017
A39: =A38-1 -> 2016
A40: =A39-1 -> 2015
A41: =A40-1 -> 2014
A42: =A41-1 -> 2013
... A45: =A44-1 -> 2010
